 Dungeon Crawl Stone Soup version 0.17.0-23-g0de4337 (webtiles) character file.

34 Ordine the Changer (level 3, -1/31 HPs)
             Began as a Naga Transmuter on Nov 14, 2015.
             Slain by a gnoll
             ... wielding a +2 antimagic halberd
              (6 damage)
             ... on level 2 of the Dungeon.
             The game lasted 00:04:32 (1350 turns).

Ordine the Changer (Naga Transmuter)                Turns: 1350, Time: 00:04:32

Health: -1/31      AC:  2    Str: 12    XL:     3   Next: 31%
Magic:  0/6        EV: 15    Int: 14    God:
Gold:   101        SH:  0    Dex: 16    Spells: 2 memorised, 2 levels left

rFire  . . .     SeeInvis +       - Unarmed
rCold  . . .     Clarity  .     b - +0 robe
rNeg   + . .     SustAt   .     (no shield)
rPois  +         Gourm    .     (no helmet)
rElec  .         Spirit   .     (no cloak)
rCorr  .         Warding  .     (no gloves)
rMut   .         Stasis   .     (no barding)
MR     .....                    i - amulet of regeneration
Stlth  ++........               (no ring)
                                l - ring of positive energy

@: agile, very slow, not resistant to hostile enchantments, unstealthy
A: see invisible, deformed body, poison resistance, slowness 2, slow metabolism
1, spit poison 2, AC +1
a: Spit Poison


You were on level 2 of the Dungeon.
You were very hungry.

You visited 1 branch of the dungeon, and saw 2 of its levels.

You collected 101 gold pieces.

Inventory:

Missiles
 a - 12 arrows
Armour
 b - a +0 robe (worn)
Jewellery
 i - an amulet of regeneration (around neck)
 k - an uncursed ring of fire
 l - a ring of positive energy (left hand)
Potions
 e - 2 potions of heal wounds
 h - a potion of curing {unknown}
Books
 c - a book of Changes

   Spells                             Type                      Level
   a - Beastly Appendage              Transmutation                1
   b - Sticks to Snakes               Transmutation                2
   c - Spider Form                    Transmutation/Poison         3
   d - Ice Form                       Ice/Transmutation            4
   e - Blade Hands                    Transmutation                5
Comestibles
 d - a bread ration
 j - 5 fruits


   Skills:
 - Level 1.0 Fighting
 - Level 1.5 Dodging
 - Level 3.0 Unarmed Combat
 - Level 2.0 Spellcasting
 + Level 3.6 Transmutations


You had 2 spell levels left.
You knew the following spells:

 Your Spells              Type           Power        Failure   Level  Hunger
a - Beastly Appendage     Trmt           ##....       6%          1    ##.....
b - Spider Form           Trmt/Pois      #.........   38%         3    ####...


Dungeon Overview and Level Annotations

Branches:
Dungeon (2/15)

Altars:


Innate Abilities, Weirdness & Mutations

You cannot wear boots.
Your serpentine skin is tough (AC +1).
You have supernaturally acute eyesight.
Armour fits poorly on your strangely shaped body.
Your system is resistant to poisons.
You cover ground very slowly.
You have a slow metabolism.
You can spit poison.


Message History

The gnoll closely misses you. The gnoll hits you with a whip.
The gnoll barely misses you.
Casting: Beastly Appendage
Confirm with . or Enter, or press ? or * to list all spells.
You don't have enough magic to cast that spell.
Drink which item? (? for menu, Esc to quit)
It was a potion of cancellation.
You feel magically purged.
The gnoll hits you with a spear of freezing.
The gnoll freezes you. The gnoll hits you with a whip!
The gnoll closely misses you.
Drink which item? (? for menu, Esc to quit)
It was a potion of agility.
You feel agile all of a sudden. The gnoll closely misses you.
The gnoll hits you with a spear of freezing.
* * * LOW HITPOINT WARNING * * *
The gnoll freezes you.
* * * LOW HITPOINT WARNING * * *
The gnoll hits you with an antimagic halberd.
You die...

+# .# .#
########g######
.......@.......
#.#.##g.g..####
##...## ##.##
##


You could see 3 gnolls.

Vanquished Creatures
  An adder (D:2)
  A worm (D:2)
  2 giant geckos (D:1)
  A ball python (D:1)
  5 bats
  2 hobgoblins (D:1)
  2 giant newts
  3 goblins (D:1)
  2 jackals (D:1)
  3 rats (D:1)
22 creatures vanquished.

Notes
Turn   | Place    | Note
--------------------------------------------------------------
     0 | D:1      | Ordine the Naga Transmuter began the quest for the Orb.
     0 | D:1      | Reached XP level 1. HP: 18/18 MP: 3/3
   400 | D:1      | Reached XP level 2. HP: 25/25 MP: 5/5
  1171 | D:2      | Reached XP level 3. HP: 3/31 MP: 4/6
  1190 | D:1      | Learned a level 3 spell: Spider Form
  1350 | D:2      | Slain by a gnoll

Action                   || total
-------------------------++-------
Melee: Unarmed           ||    68
 Cast: Beastly Appendage ||     5
 Abil: Spit Poison       ||     2
  Use: Scroll            ||     2
       Potion            ||     3
 Stab: Sleeping          ||     1
